 Dungeon Crawl Stone Soup version 0.28-a0-919-g0b5b508569 (webtiles) character file.

Game seed: 1008923766540956336

9262 bande the Cleaver (level 11, -9/68 HPs)
             Began as a Gargoyle Fighter on Nov 24, 2021.
             Was an Initiate of Okawaru.
             Mangled by Rupert (17 damage)
             ... on level 12 of the Dungeon on Nov 25, 2021.
             The game lasted 00:28:46 (13373 turns).

bande the Cleaver (Gargoyle Fighter)               Turns: 13373, Time: 00:28:47

Health: -9/68      AC: 28    Str: 21    XL:     11   Next: 43%
Magic:  0/11       EV:  6    Int:  9    God:    Okawaru [......]
Gold:   476        SH:  5    Dex: 11    Spells: 10/10 levels left

rFire   . . .      SeeInvis .   a - +1 war axe (vamp)
rCold   . . .      Faith    .   c - +0 buckler
rNeg    + . .      Spirit   +   l - +0 plate armour
rPois   ∞          Reflect  .   o - +1 helmet
rElec   +          Harm     .   (no cloak)
rCorr   +          Rampage  .   (no gloves)
Will    .....                   C - +1 pair of boots
Stlth   ..........              e - amulet of guardian spirit
HPRegen 0.21/turn               t - ring of resist corrosion
MPRegen 0.12/turn               (no ring)

@: mighty
A: sickness immunity, AC +8, negative energy resistance 1, electricity
resistance, torment resistance 1, petrification resistance, iridescent scales 1
a: Renounce Religion


You were on level 12 of the Dungeon.
You worshipped Okawaru.
Okawaru was noncommittal.
You visited 2 branches of the dungeon, and saw 14 of its levels.

You collected 476 gold pieces.

Inventory:

Hand Weapons
 a - a +1 vampiric war axe (weapon)
 b - a +0 flail
Missiles
 J - 2 throwing nets (quivered)
Armour
 c - a +0 buckler (worn)
 l - a +0 plate armour (worn)
 o - a +1 helmet (worn)
 C - a +1 pair of boots (worn)
Jewellery
 e - an amulet of guardian spirit (around neck)
 i - an amulet of the acrobat
 m - a ring of fire
 t - a ring of resist corrosion (left hand)
 x - the macabre finger necklace {rN+}
   (You found it on level 8 of the Dungeon)

   [amulet of nothing]

   It enables you to equip an extra ring.
   rN:        It protects you from negative energy.
 y - an amulet of faith
 N - a +4 ring of slaying
Wands
 u - a wand of paralysis (20)
 v - a wand of iceblast (11)
 B - a wand of mindburst (6)
 F - a wand of acid (3)
Scrolls
 r - 4 scrolls of enchant armour
 s - a scroll of fear
 w - 5 scrolls of teleportation
 z - a scroll of blinking
 E - 4 scrolls of fog
 G - 4 scrolls of identify
 H - a scroll of enchant weapon
 I - a scroll of magic mapping
 L - a scroll of brand weapon
 M - a scroll of amnesia
Potions
 d - 3 potions of might
 f - a potion of resistance
 g - 6 potions of heal wounds
 h - 3 potions of brilliance
 j - 5 potions of curing
 k - 2 potions of mutation
 n - a potion of ambrosia
 p - 3 potions of invisibility
 q - a potion of haste
 A - a potion of cancellation
 D - 2 potions of lignification
 K - a potion of magic {unknown}


   Skills:
 + Level 8.1 Fighting
 + Level 10.8 Axes
 + Level 8.7 Armour
 + Level 6.2 Shields
 * Level 0.8 Invocations
 * Level 6.5 Evocations


You had 10 spell levels left.
You didn't know any spells.
Your spell library contained the following spells:

 Spells                   Type           Power      Damage    Failure   Level
 Pain                     Necr           0%         1d4       100%        1
 Slow                     Hex            0%         N/A       100%        1
 Passwall                 Tmut/Erth      0%         N/A       100%        2
 Confusing Touch          Hex            0%         N/A       100%        3
 Dazzling Flash           Conj/Hex       0%         N/A       100%        3
 Swiftness                Air            0%         N/A       100%        3
 Vampiric Draining        Necr           0%         2d6       100%        3
 Airstrike                Air            0%         N/A       100%        4
 Yara's Violent Unravell  Hex/Tmut       0%         3d3       100%        5
 Fire Storm               Conj/Fire      0%         5d1       100%        9
 Animate Skeleton         Necr           Unusable   N/A       N/A         1
 Summon Lightning Spire   Summ/Air       Unusable   N/A       N/A         4

Dungeon Overview and Level Annotations

Branches:
Dungeon (13/15)            Temple (1/1) D:4
   Lair: D:8-11         Orc: D:9-12      Vaults: D:13-14

Altars:
Ashenzari
Cheibriados
Dithmenos
Elyvilon
Fedhas
Gozag
Hepliaklqana
Kikubaaqudgha
Makhleb
Nemelex Xobeh
Okawaru
Qazlal
Ru
Sif Muna
Trog
Uskayaw
Vehumet
Wu Jian
Xom
Yredelemnul
Zin
The Shining One
Beogh

Shops:
D:3 *   D:8 [[

Annotations:
D:12 Rupert


Innate Abilities, Weirdness & Mutations

You are immune to sickness and miasma.
Your stone body is resilient. (AC +8)
You are immune to poison.
You resist negative energy. (rN+)
You are resistant to electric shocks. (rElec)
You are resistant to unholy torment.
You are immune to petrification.
You are partially covered in iridescent scales. (AC +2)


Message History

The skeletal warrior is lightly damaged.
You hit the skeletal warrior.
The skeletal warrior is lightly damaged.
The skeletal warrior hits you with a +0 mace!!
You slash the skeletal warrior!
The skeletal warrior is moderately damaged.
The skeletal warrior hits you with a +0 mace.
Rupert roars madly and goes into a rage!
Rupert goes berserk!
You feel much better. The skeletal warrior barely misses you.
Rupert hits you but does no damage.
You feel very mighty all of a sudden.
The skeletal warrior hits you but does no damage.
Rupert hits you but does no damage.
You closely miss Rupert. You hit the skeletal warrior.
Rupert hits you with a +0 great mace of protection.
The skeletal warrior hits you but does no damage.
Rupert hits you but does no damage.
Unknown command.
You barely miss Rupert.
You hit the skeletal warrior but do no damage.
The skeletal warrior barely misses you. Rupert hits you but does no damage.
You hit Rupert.
You feel better.
Rupert is lightly wounded.
You slash the skeletal warrior! Rupert hits you but does no damage.
You block the skeletal warrior's attack.
Rupert hits you with a +0 great mace of protection!!
Unknown command.
You hit Rupert but do no damage.
Rupert is lightly wounded.
Your plate armour prevents you from hitting the skeletal warrior.
The skeletal warrior hits you with a +0 mace!
Rupert hits you with a +0 great mace of protection!!
* * * LOW HITPOINT WARNING * * *
Unknown command.
You closely miss Rupert.
Rupert is lightly wounded.
You hit the skeletal warrior but do no damage.
Rupert hits you with a +0 great mace of protection!!
You die...

.... ...#
###...###
#.......#
#.......#
#.......#
#......#
#@@....#
#.z.....#
#.......#
#......##
#......#
.......#
.........
.........


You could see Rupert (berserk) and a skeletal warrior.

Vanquished Creatures
  3 two-headed ogres
  A manticore (D:7)
  3 slime creatures
  Grinder (D:5)
  A meliai zombie (D:10)
  A shadow (D:8)
  A wraith (D:10)
  11 yaks (D:10)
  A wyvern (D:7)
  A steam dragon (D:8)
  A basilisk (D:8)
  2 vampire mosquitoes (D:10)
  Menkaure (D:7)
  2 water moccasins
  An acid dragon (D:8)
  3 orc warriors
  An ice beast (D:7)
  3 sky beasts
  A black bear (D:7)
  An ogre (D:6)
  2 centaurs
  A phantom (D:6)
  7 kobold brigands
  3 scorpions
  5 killer bees (D:6)
  3 wights (D:6)
  A howler monkey (D:6)
  A centaur zombie (D:10)
  5 orc priests
  A centaur skeleton (D:7)
  2 hounds
  7 jellies
  3 gnoll shamans
  Jessica (D:2)
  3 iguanas
  7 orc wizards
  15 gnolls
  A howler monkey skeleton (D:5)
  6 adders
  A shadow imp (D:7)
  2 white imps
  An ufetubus (D:4)
  3 worms
  2 dart slugs
  43 orcs
  6 ball pythons
  5 bats
  6 endoplasms
  5 giant cockroaches
  7 goblins
  3 hobgoblins
  5 jackals (D:1)
  19 kobolds
  4 quokkas
  4 frilled lizards
  4 rats
234 creatures vanquished.

Vanquished Creatures (others)
  11 fungi
  7 toadstools (D:7)
18 creatures vanquished.

Grand Total: 252 creatures vanquished

Notes
Turn   | Place    | Note
-------+----------+-------------------------------------------
     0 | D:1      | bande the Gargoyle Fighter began the quest for the Orb.
     0 | D:1      | Reached XP level 1. HP: 14/14 MP: 1/1
   228 | D:1      | Reached XP level 2. HP: 19/19 MP: 2/2
   740 | D:1      | Found a faded altar of an unknown god.
  1234 | D:1      | Upgraded the game from 0.28-a0-909-g796cbd3a86 to
                  | 0.28-a0-919-g0b5b508569
  1486 | D:2      | Reached skill level 2 in Axes
  1507 | D:2      | Reached XP level 3. HP: 17/23 MP: 1/3
  1758 | D:2      | Noticed Jessica
  1763 | D:2      | Killed Jessica
  1764 | D:2      | Reached XP level 4. HP: 26/29 MP: 4/4
  2463 | D:3      | Found Zatolop's Assorted Antiques.
  2767 | D:3      | Found an ancient bone altar of Kikubaaqudgha.
  3223 | D:4      | Found a staircase to the Ecumenical Temple.
  3244 | D:4      | Noticed a scorpion
  3248 | D:4      | Reached skill level 3 in Axes
  3250 | D:4      | Killed a scorpion
  3251 | D:4      | Reached XP level 5. HP: 33/33 MP: 5/5
  3505 | D:4      | Found a stormy altar of Qazlal.
  3718 | D:4      | Reached XP level 6. HP: 36/38 MP: 4/6
  3758 | D:4      | Found a glowing drain.
  4021 | D:5      | Entered Level 5 of the Dungeon
  4050 | D:5      | Gained mutation: You are partially covered in iridescent
                  | scales. (AC +2) [potion of mutation]
  4086 | D:5      | Reached skill level 4 in Axes
  4164 | D:5      | Noticed Grinder
  4176 | D:5      | Paralysed by Grinder for 5 turns
  4194 | D:5      | Paralysed by Grinder for 4 turns
  4199 | D:5      | Killed Grinder
  4200 | D:5      | Reached skill level 5 in Armour
  4200 | D:5      | Reached XP level 7. HP: 30/44 MP: 2/7
  4846 | D:5      | Found an ornate altar of the Wu Jian Council.
  4885 | D:5      | Found a runed translucent door.
  5157 | D:5      | Reached skill level 5 in Axes
  5254 | D:5      | Reached skill level 1 in Evocations
  5622 | D:6      | Got Sif Muna's Almanac of Lightness and Battle Magic
  5763 | D:6      | Reached skill level 5 in Fighting
  5764 | D:6      | Reached XP level 8. HP: 49/49 MP: 6/8
  6149 | D:6      | Found a glowing golden altar of the Shining One.
  6149 | D:6      | Found a white marble altar of Elyvilon.
  6150 | D:6      | Found a glowing silver altar of Zin.
  6157 | D:6      | Reached skill level 6 in Axes
  6959 | D:7      | Reached XP level 9. HP: 55/55 MP: 7/9
  7097 | D:7      | Reached skill level 7 in Axes
  7097 | D:7      | Reached skill level 5 in Shields
  7283 | D:7      | Noticed Menkaure
  7297 | D:7      | Killed Menkaure
  7596 | D:7      | Noticed a manticore
  7610 | D:7      | Killed a manticore
  7865 | D:7      | Found a radiant altar of Vehumet.
  7907 | D:7      | Found a hazy altar of Hepliaklqana.
  7981 | D:7      | Reached skill level 8 in Axes
  8210 | D:6      | Reached XP level 10. HP: 52/61 MP: 3/10
  8492 | D:6      | Reached skill level 9 in Axes
  8657 | D:8      | Found Monunk's Armour Emporium.
  8748 | D:8      | Found the macabre finger necklace {rN+}
  8758 | D:8      | Reached skill level 5 in Evocations
  8849 | D:8      | Found Fyuronk's Armour Emporium.
 10025 | Temple   | Entered the Ecumenical Temple
 10368 | D:9      | Noticed a two-headed ogre
 10394 | D:9      | Killed a two-headed ogre
 11337 | D:10     | Entered Level 10 of the Dungeon
 11390 | D:10     | Reached skill level 10 in Axes
 11426 | D:10     | Reached XP level 11. HP: 67/67 MP: 9/11
 11575 | D:10     | Found a shimmering altar of Xom.
 12643 | D:10     | Found an iron altar of Okawaru.
 12665 | D:10     | Noticed a two-headed ogre
 12685 | D:10     | Killed a two-headed ogre
 12995 | D:10     | Became a worshipper of Warmaster Okawaru
 13058 | D:11     | Noticed a two-headed ogre
 13069 | D:11     | Killed a two-headed ogre
 13341 | D:11     | You fall into a shaft and drop 2 floors!
 13352 | D:13     | Noticed a skeletal warrior
 13355 | D:13     | Noticed a skeletal warrior
 13355 | D:13     | Noticed a skeletal warrior
 13356 | D:13     | Noticed a skeletal warrior
 13356 | D:13     | Noticed a skeletal warrior
 13360 | D:12     | Noticed Rupert
 13373 | D:12     | Mangled by Rupert

Illustrated notes

Levels and vault maps discovered:
D:1:      giann_forest_graveyard, layout_basic, basic_ecumenical_altar
D:2:      layout_loops_ring, dk_noncrumbling_3, uniq_jessica
D:3:      minmay_door_path, layout_loops_ring,
          mainiacjoe_overflow_surrounded_room, serial_shops, shop
D:4:      layout_loops_ring, nicolae_qazlal_scattered_showers,
          minmay_temple_entry_trees, gup_sewer_entry_bubbles
D:5:      layout_loops_ring, mainiacjoe_overflow_brackets,
          lightli_church_of_beogh, uniq_grinder
D:6:      layout_rooms, good_gods_temple_1, serial_aquarium,
          aquarium_bridge_square [aquarium_subvault_bridge,
          aquarium_subvault_bridge, aquarium_subvault_wall,
          aquarium_subvault_bridge], aquarium_window_fake, aquarium_window_fake,
          aquarium_view_2g, aquarium_view_2c, hex_medium
D:7:      cheibrodos_fertilizer, layout_rooms, lemuel_coloured_pillars_altar,
          old_standard_altar, uniq_menkaure
D:8:      layout_loops_corners, serial_shops, nicolae_take_the_stairs, shop,
          serial_co_window_serial, co_window_paths_a, co_window_paths_b,
          co_window_cross_1, co_window_corner_a, co_window_corner_a,
          co_window_corner_b, co_window_broadway_c, co_window_2corner,
          co_window_2corner, co_window_corner_b, co_window_unsneaky_path_c,
          co_window_of_opportunity_b, co_window_4corner_b, glass_columns_c,
          glass_columns_a, glass_columns_b, glass_columns_a
D:9:      layout_cave_pods
D:10:     layout_basic, mainiacjoe_overflow_alcove_2,
          mainiacjoe_overflow_concentric_impassable
D:11:     layout_stronghold, grunt_lair_entry_orc_guard_hut,
          minmay_strange_pillars
D:12:     layout_gridville, david_orc_5, uniq_rupert
D:13:     layout_layer_cave, grunt_vaults_entry_tiered
Temple:   nicolae_temple_hex_pool

Skill      XL: |  1  2  3  4  5  6  7  8  9 10 11 |
---------------+----------------------------------+-----
Axes           | 2 3 4 5 6 8 10 | 10.8
Armour         | 4 5 6 7 8 |  8.7
Fighting       | 4 5 6 7 8 |  8.1
Shields        | 4 5 6 |  6.2
Evocations     | 1 3 4 5 6 |  6.5
Invocations    | |  0.8

Action                   |  1- 3 |  4- 6 |  7- 9 | 10-12 || total
-------------------------+-------+-------+-------+-------++-------
Melee: War axe           |    74 |   256 |   304 |   407 ||  1041
  Use: Scroll            |     3 |     7 |    11 |     1 ||    22
       Potion            |       |     2 |       |     3 ||     5
Armor: Scale mail        |    18 |       |       |       ||    18
       Plate armour      |    23 |   215 |   342 |   256 ||   836
Dodge: Dodged            |    38 |    78 |   109 |   117 ||   342
Block: Buckler           |    16 |    63 |    93 |    76 ||   248

Table legend: (Time is in decaauts)
 A = Elapsed time spent in this place.
 B = Non-inter-level travel time spent in this place.
 C = Inter-level travel time spent in this place.
 D = Time resting spent in this place.
 E = Time spent auto-exploring this place.
 F = Levels seen in this place.
 G = Mean time per level.
                   A        B        C        D        E       F      G
               +--------+--------+--------+--------+--------+-----+--------+
         Total |  13600 |  13227 |    373 |   2995 |   7331 |  14 |  971.4 |
       Dungeon |  13519 |  13146 |    373 |   2995 |   7270 |  13 | 1039.9 |
        Temple |     80 |     80 |      0 |      0 |     61 |   1 |   80.0 |
               +--------+--------+--------+--------+--------+-----+--------+

Top non-repeatable levels by time:
     D:6: 1746 daAuts
    D:10: 1674 daAuts
     D:5: 1519 daAuts
     D:7: 1501 daAuts
     D:1: 1401 daAuts
     D:8: 1326 daAuts
     D:9: 1135 daAuts
     D:4: 1094 daAuts
     D:3: 894 daAuts
     D:2: 868 daAuts
    D:11: 325 daAuts
  Temple: 80 daAuts
    D:13: 18 daAuts
    D:12: 12 daAuts
